 Seeded DCSS version 0.25-a0-681-gdf4e720 (webtiles) character file.

Game seed: 1189511237111925760, levelgen mode: deterministic

470 Faels the Skirmisher (level 6, 0/49 HPs)
             Began as a Mummy Berserker on Mar 29, 2020.
             Was a Priest of Trog.
             Slain by an orc warrior
             ... wielding a cursed -2 trident
              (15 damage)
             ... on level 3 of the Dungeon.
             The game lasted 00:15:39 (5063 turns).

Faels the Skirmisher (Mummy Berserker)              Turns: 5063, Time: 00:15:40

Health: 0/49       AC:  7    Str: 23    XL:     6   Next: 82%
Magic:  6/6        EV: 10    Int:  6    God:    Trog [***...]
Gold:   184        SH:  0    Dex: 11    Spells: 5/5 levels left

rFire    x . .     SeeInvis .   z - +1 dagger (elec)
rCold    + . .     Gourm    .   (no shield)
rNeg     + + +     Faith    .   s - +0 scale mail
rPois    ∞         Spirit   .   (no helmet)
rElec    .         Reflect  .   o - +0 cloak (curse)
rCorr    .         Harm     .   (no gloves)
MR       +....                  (no boots)
Stlth    ..........             (no amulet)
HPRegen  0.16/turn              q - ring of protection from magic
MPRegen  0.10/turn              (no ring)

@: no status effects
A: no food or potions, fire vulnerability, cold resistance 1, negative energy
resistance 3, torment resistance, unbreathing
a: Trog's Hand, Renounce Religion


You were on level 3 of the Dungeon.
You worshipped Trog.
Trog was most pleased with you.
You were not hungry.

You visited 1 branch of the dungeon, and saw 4 of its levels.

You collected 184 gold pieces.

Inventory:

Hand Weapons
 k - a +0 short sword of protection
 w - a +3 spear
 y - a cursed -2 shortbow
 z - a +1 dagger of electrocution (weapon)
Missiles
 f - 8 javelins
 h - 28 poisoned darts (quivered)
 u - a boomerang of dispersal
Armour
 o - a cursed +0 cloak (worn)
 s - a +0 scale mail (worn)
Jewellery
 q - a ring of protection from magic (left hand)
Wands
 l - a wand of digging (6)
Scrolls
 c - 6 scrolls of remove curse
 g - 2 scrolls of enchant armour
 m - a scroll of immolation {unknown}
 n - a scroll of blinking {unknown}
 t - a scroll of fear {unknown}
 v - a scroll of noise {unknown}
 x - a scroll of fog


   Skills:
 + Level 4.5 Fighting
 * Level 3.3(3.9) Short Blades
   Level 2.9(3.7) Long Blades
 + Level 2.3 Throwing
 - Level 1.7 Armour
 - Level 2.0 Dodging
 - Level 1.5 Stealth


You had 5 spell levels left.
You didn't know any spells.
Your spell library was empty.

Dungeon Overview and Level Annotations

Branches:
Dungeon (4/15)
 Temple: D:4-7

Altars:
Ashenzari
Makhleb
Trog
The Shining One


Innate Abilities, Weirdness & Mutations

You do not eat or drink.
Your flesh is vulnerable to fire.
You are immune to poison.
Your flesh is cold resistant. (rC+)
You are immune to negative energy. (rN+++)
You are immune to unholy pain and torment.
You can survive without breathing.


Message History

There is a stone staircase leading down here.
h - 27 poisoned darts (gained 3)
h - 28 poisoned darts (gained 1)
You see here 15 arrows.
The orc warrior shouts!
The orc shouts!
You hear a shout!
The orc warrior is too close now for your liking.
The orc wizard casts a spell.
The orc wizard blinks!
The orc warrior hits you with a cursed -2 trident!
The orc warrior hits you with a cursed -2 trident.
There is a stone staircase leading up here.
The orc warrior hits you with a cursed -2 trident!
* * * LOW HITPOINT WARNING * * *
You climb upwards.
There is a stone staircase leading down here.
Your scale mail prevents you from hitting the orc warrior.
The orc warrior barely misses you.
You closely miss the orc warrior.
The orc warrior hits you with a cursed -2 trident!
You die...

.####.# #.##.#....%....
.####.###### #.##......###.#
.#..%......#### #.#####....##.#
.#.##.##....†.# ###(#####........
.#.##.##...##†###......(......#.#
......#######.##.....#####......#
####### #........# ##...###
###########.o...# #...#
#......##..@?..## #...###
#......##.....########.....#
#.....^##.....##...........#
#........................###
#......##...<.##.......###..
#......####.########.###....
#......# #.# ###_..... ########
#.# #.###.... #.# #.#.###..


You could see an orc warrior.

Vanquished Creatures
  An ogre (D:4)
  An orc priest (D:3)
  4 orc wizards (D:4)
  6 adders (D:3)
  8 gnolls
  2 adder skeletons (D:4)
  2 worms (D:3)
  3 dart slugs
  3 leopard geckos
  12 orcs
  2 ball pythons (D:3)
  7 bats
  2 giant cockroaches
  6 hobgoblins
  11 jackals
  3 quokkas
  2 frilled lizards
  8 goblins
  9 kobolds
  A quokka skeleton (D:4)
  5 rats
98 creatures vanquished.

Notes
Turn   | Place    | Note
-------+----------+-------------------------------------------
     0 | D:1      | Faels the Mummy Berserker began the quest for the Orb.
     0 | D:1      | Reached XP level 1. HP: 18/18 MP: 1/1
   353 | D:1      | Reached XP level 2. HP: 21/24 MP: 2/2
   926 | D:1      | Reached XP level 3. HP: 29/29 MP: 3/3
  1552 | D:2      | Reached ** piety under Trog
  2625 | D:3      | Reached XP level 4. HP: 30/35 MP: 4/4
  2746 | D:3      | Reached skill level 1 in Short Blades
  2777 | D:3      | Reached skill level 1 in Throwing
  2964 | D:3      | Reached skill level 1 in Stealth
  3019 | D:3      | Found a bloodstained altar of Trog,
  3023 | D:3      | Found a shattered altar of Ashenzari,
  3026 | D:3      | Found a burning altar of Makhleb,
  3363 | D:3      | Reached XP level 5. HP: 35/42 MP: 5/5
  3982 | D:4      | Reached skill level 4 in Fighting
  4032 | D:4      | Reached XP level 6. HP: 43/48 MP: 6/6
  4202 | D:4      | Found a glowing golden altar of the Shining One,
  4470 | D:4      | Reached *** piety under Trog
  4490 | D:4      | Noticed an orc warrior
  5063 | D:3      | Slain by an orc warrior

Levels and vault maps discovered:
D:1:      dpeg_arrival_refuge, layout_basic
D:2:      minmay_wonky_spiral, layout_loops_corners, bh_walls_and_bars
D:3:      layout_loops_cross, minmay_overflow_temple_star_quad
D:4:      layout_loops_cross, lemuel_round_altar

Skill      XL: |  1  2  3  4  5  6 |
---------------+-------------------+-----
Dodging        | 2 |  2.0
Short Blades   | 1 2 3 |  3.3
Throwing       | 1 2 |  2.3
Stealth        | 1 |  1.5
Fighting       | 4 |  4.5
Long Blades    | |  2.9
Armour         | |  1.7

Action                   |  1- 3 |  4- 6 || total
-------------------------+-------+-------++-------
Melee: Falchion          |    85 |       ||    85
       Short sword       |    52 |   344 ||   396
       Dagger            |       |     3 ||     3
Throw: Dart              |       |    17 ||    17
Invok: Trog's Hand       |       |     2 ||     2
  Use: Scroll            |     4 |     2 ||     6
Armor: Ring mail         |    48 |    99 ||   147
       Scale mail        |       |    55 ||    55
Dodge: Dodged            |    87 |   184 ||   271
       Rpst.: Falchion   |    18 |       ||    18

Table legend:
 A = Non-vault XP
 B = Vault XP
 C = Vault XP percentage of total XP
 D = Non-vault monster count
 E = Vault monster count
 F = Vault count percentage of total count
                 A         B        C        D         E       F
            +---------+---------+-------+---------+---------+-------
      Total |     670 |       2 |   0.3 |      97 |       1 |   1.0
            +---------+---------+-------+---------+---------+-------
        D:1 |      47 |       0 |   0.0 |      26 |       0 |   0.0
        D:2 |      12 |       2 |  14.3 |       7 |       1 |  12.5
        D:3 |     240 |       0 |   0.0 |      40 |       0 |   0.0
        D:4 |     371 |       0 |   0.0 |      24 |       0 |   0.0
            +---------+---------+-------+---------+---------+-------
